Flyers vs Canucks

Created - 3 février 2016 at 23:57

Goals
1 2 3 T
Flyers 1 3 0 4
Canucks 0 1 2 3
Shots
1 2 3 T
Flyers 11 13 7 31
Canucks 16 5 14 35

1st period

1. Flyers , Dany Heatley 17 (Matt Smaby) at 12:13 (PP)

Penalties :
Matt Stajan (Van) for Holding (Minor) at 6:00, Peter Worrell (Van) for Holding (Minor) at 11:43, Jaromir Jagr (Van) for Hooking (Minor) at 15:30, Jeff Carter (Phi) for Roughing (Minor) at 18:56

2nd period

2. Flyers , Michel Ouellet 4 (Matthew Lombardi) at 0:16 (SH)
3. Canucks , Daniel Paille 5 (T.J. Hensick, Alex Tanguay) at 1:24
4. Flyers , Patrick Marleau 19 (Loui Eriksson, Stephane Robidas) at 6:11
5. Flyers , Michel Ouellet 5 (Matt Smaby, Stephane Robidas) at 8:13

Penalties :
Robyn Regehr (Phi) for Roughing (Minor) at 10:55, Jeff O'Neill (Phi) for Hooking (Minor) at 19:13, Matt Smaby (Phi) for Tripping (Minor) at 19:54

3rd period

6. Canucks , Clarke MacArthur 13 (Maxim Lapierre, Jaromir Jagr) at 11:49
7. Canucks , Matt Stajan 18 (Maxim Afinogenov, Peter Worrell) at 16:11 (PP)

Penalties :
Alex Tanguay (Van) for Hooking (Minor) at 2:02, Patrick Marleau (Phi) for Hooking (Minor) at 14:33

Goalie Stats

Cory Schneider (Phi), 32 saves from 35 shots - (0,914), W, 11-5-2, 60:00 minutes
Carey Price (Van), 14 saves from 18 shots - (0,778), L, 19-14-0, 28:13 minutes
Chad Johnson (Van), 13 saves from 13 shots - (1,000), 30:47 minutes

Players Stats for Flyers

Player Name              G  A  P  +/- PIM S  H  SB GA TA FO     MP     PP MP  PK MP  
------------------------------------------------------------------------------------
Dany Heatley             1  0  1  -1  0   4  1  1  0  1  0/1    19:59   3:18   2:21 
James Wisniewski         0  0  0   0  0   0  0  3  1  0  0/0    13:19   0:00   1:18 
Jeff Carter              0  0  0  -1  2   2  1  0  3  0  8/19   17:51   3:18   1:25 
Jeff O'Neill             0  0  0   1  2   0  1  0  0  0  0/1     9:08   0:01   0:04 
Jeff Woywitka            0  0  0   1  0   1  0  0  0  1  0/0    24:23   2:55   4:55 
Jonathan Ericsson        0  0  0   1  0   2  1  1  0  1  0/0    23:35   2:55   4:15 
Kyle Wellwood            0  0  0   1  0   3  2  0  0  0  9/19   18:29   3:08   1:41 
Loui Eriksson            0  1  1   1  0   3  3  1  0  0  1/1    16:44   3:08   0:00 
Martin St. Louis         0  0  0  -1  0   3  0  1  0  0  0/1    17:34   3:18   0:00 
Matt Smaby               0  2  2   0  2   1  1  0  0  0  0/0    22:11   3:32   2:30 
Matthew Lombardi         0  1  1   0  0   0  4  0  1  2  5/15   14:38   0:00   5:10 
Michael Ryder            0  0  0  -1  0   1  2  0  0  0  0/0     9:11   0:01   0:00 
Michel Ouellet           2  0  2   2  0   5  1  0  0  1  0/0    12:44   0:00   4:33 
Mike York                0  0  0   1  0   0  0  0  0  0  0/0     9:05   0:01   0:00 
Patrick Marleau          1  0  1   1  2   5  2  0  1  0  1/2    16:43   3:08   0:00 
Robyn Regehr             0  0  0   0  2   1  0  0  0  1  0/0    15:09   0:00   2:24 
Rostislav Olesz          0  0  0  -1  0   0  2  0  0  0  0/0     8:09   0:00   0:00 
Stephane Robidas         0  2  2   0  0   0  2  2  1  1  0/0    21:29   3:32   1:09 

Players Stats for Canucks

Player Name              G  A  P  +/- PIM S  H  SB GA TA FO     MP     PP MP  PK MP  
------------------------------------------------------------------------------------
Alex Goligoski           0  0  0  -2  0   1  2  2  1  1  0/0    26:43   5:49   4:08 
Alex Tanguay             0  1  1   0  2   1  1  0  2  0  0/0    12:41   0:21   1:01 
Antti Miettinen          0  0  0   1  0   1  0  0  0  0  1/1     7:22   0:00   0:00 
Clarke MacArthur         1  0  1   0  0   3  3  0  0  0  3/3    15:25   3:52   0:30 
Daniel Paille            1  0  1   1  0   3  0  0  0  0  1/1     9:19   0:00   1:57 
Jaromir Jagr             0  1  1   0  2   5  1  0  1  0  0/0    16:34   3:52   0:44 
Karl Alzner              0  0  0  -1  0   0  0  1  0  1  0/0    11:26   0:00   0:00 
Kyle Cumiskey            0  0  0  -1  0   0  1  0  0  0  0/0    11:26   0:00   0:00 
Matt Stajan              1  0  1  -2  2   2  1  0  0  0  12/26  22:30   4:03   2:51 
Matthew Spiller          0  0  0   2  0   0  1  0  0  2  0/0    21:51   2:27   2:19 
Maxim Afinogenov         0  1  1  -2  0   7  1  0  2  2  5/11   23:05   4:24   4:05 
Maxim Lapierre           0  1  1   0  0   2  2  1  0  0  7/9    16:01   3:52   0:10 
Nikolai Zherdev          0  0  0   0  0   4  1  0  0  0  0/0    11:20   0:00   0:00 
Peter Worrell            0  1  1  -2  2   2  0  0  0  0  0/2    20:30   4:24   1:36 
Sami Lepisto             0  0  0   2  0   2  0  1  0  0  0/0    21:51   2:27   2:19 
T.J. Hensick             0  1  1   1  0   0  1  0  1  0  1/1     7:22   0:00   0:00 
Tom Poti                 0  0  0  -2  0   2  3  1  1  1  0/0    26:43   5:49   4:08 
Tomas Plekanec           0  0  0   0  0   0  1  0  0  0  5/5    11:20   0:00   0:00 

3 Stars

1 - Michel Ouellet (Phi)
2 - Clarke MacArthur (Van)
3 - Stephane Robidas (Phi)

Power Play

Flyers - 1 on 4 Attempt(s) - 25,00%
Canucks - 1 on 5 Attempt(s) - 20,00%

Penalty Kill

Flyers - 4 on 5 Attempt(s) - 80,00% - Score 1 goal in Penalty Kill
Canucks - 3 on 4 Attempt(s) - 75,00% - Score 0 goal in Penalty Kill

Team Stat

Flyers - Hits : 23 - Faceoff Wins : 24 - Blocked Shots : 9 - Penalty Minutes : 10
Canucks - Hits : 19 - Faceoff Wins : 35 - Blocked Shots : 6 - Penalty Minutes : 8

Official

Referees : Charron Francis and Walsh Ian
Linesman : Michel Cormier and Mark Pare

Game Notes

Chad Johnson enters game at 8:13 of 2nd period

Finance

Level 1 -- Attendance: 5802 (96,70%) -- Ticket Income 498 972 $
Level 2 -- Attendance: 4673 (93,46%) -- Ticket Income 228 977 $
Level 3 -- Attendance: 1968 (98,40%) -- Ticket Income 59 040 $
Level 4 -- Attendance: 3718 (92,95%) -- Ticket Income 63 206 $
Luxury Box -- Attendance: 1000 (100,00%) -- Ticket Income 100 000 $
Game was played at the Budweiser Coliseum.
Total Attendance: 17161 (95,34%)
Total Ticket Income: 950 195 $
Other Income: 142 529 $
Total Income: 1 092 724 $

Flyers

5 vs 5 Forward 
   Center                   Left Wing                Right Wing               Time % Phy DF OF 
 1 Jeff Carter              Dany Heatley             Martin St. Louis         35     1   0  4  
 2 Kyle Wellwood            Patrick Marleau          Loui Eriksson            35     0   0  5  
 3 Matthew Lombardi         Rostislav Olesz          Michael Ryder            15     0   3  2  
 4 Jeff O'Neill             Mike York                Michel Ouellet           15     0   3  2  

5 vs 5 Defense 
   Defense                  Defense                                           Time % Phy DF OF 
 1 Jeff Woywitka            Jonathan Ericsson                                 40     1   2  2  
 2 Stephane Robidas         Matt Smaby                                        40     1   2  2  
 3 James Wisniewski         Robyn Regehr                                      15     1   4  0  
 4 Jonathan Ericsson        Jeff Woywitka                                     5      1   2  2  

PowerPlay Forward 
   Center                   Left Wing                Right Wing               Time % Phy DF OF 
 1 Jeff Carter              Dany Heatley             Martin St. Louis         50     1   2  2  
 2 Kyle Wellwood            Patrick Marleau          Loui Eriksson            50     1   2  2  

PowerPlay Defense
   Defense                  Defense                                           Time % Phy DF OF 
 1 Jonathan Ericsson        Jeff Woywitka                                     50     1   2  2  
 2 Stephane Robidas         Matt Smaby                                        50     1   2  2  

Penalty Kill 4 Players Forward 
   Center                   Wing                     Time % Phy DF OF 
 1 Matthew Lombardi         Michel Ouellet           60     0   5  0  
 2 Kyle Wellwood            Dany Heatley             40     0   5  0  

Penalty Kill 4 Players Defense
   Defense                  Defense                  Time % Phy DF OF 
 1 Jeff Woywitka            Jonathan Ericsson        60     0   5  0  
 2 Robyn Regehr             Matt Smaby               40     0   5  0  

Penalty Kill - 3 Players Forward 
   Forward                                           Time % Phy DF OF 
 1 Matthew Lombardi                                  60     0   5  0  
 2 Kyle Wellwood                                     40     0   5  0  

Penalty Kill - 3 Players Defense
   Defense                  Defense                  Time % Phy DF OF 
 1 Stephane Robidas         Jeff Woywitka            60     0   5  0  
 2 Matt Smaby               Robyn Regehr             40     0   5  0  

4 vs 4 Forward 
   Center                   Wing                     Time % Phy DF OF 
 1 Jeff Carter              Martin St. Louis         50     1   2  2  
 2 Kyle Wellwood            Patrick Marleau          50     1   2  2  

4 vs 4 Defense
   Defense                  Defense                  Time % Phy DF OF 
 1 Jonathan Ericsson        Jeff Woywitka            50     1   2  2  
 2 Matt Smaby               Stephane Robidas         50     1   2  2  

Last Minutes Offensive
   Center                   Left Wing                Right Wing               Defense                  Defense                  
   Jeff Carter              Dany Heatley             Martin St. Louis         Stephane Robidas         Jeff Woywitka            

Last Minutes Defensive
   Center                   Left Wing                Right Wing               Defense                  Defense                  
   Matthew Lombardi         Dany Heatley             Martin St. Louis         Jeff Woywitka            Jonathan Ericsson        

Goaltenders
Starting : Cory Schneider           
Backup : Robin Lehner             

Extra Forwards
Normal : Jeff Carter, Martin St. Louis, Patrick Marleau - PP : Jeff Carter, Martin St. Louis - PK : Matthew Lombardi
Extra Defensemen
Normal : Jonathan Ericsson, Jeff Woywitka, Stephane Robidas - PP : Jonathan Ericsson - PK : Jeff Woywitka, Jonathan Ericsson
Penalty Shots
Patrick Marleau, Dany Heatley, Jeff Carter, Loui Eriksson, Kyle Wellwood

Canucks

5 vs 5 Forward 
   Center                   Left Wing                Right Wing               Time % Phy DF OF 
 1 Matt Stajan              Peter Worrell            Maxim Afinogenov         40     1   2  2  
 2 Maxim Lapierre           Clarke MacArthur         Jaromir Jagr             30     1   2  2  
 3 Tomas Plekanec           Alex Tanguay             Nikolai Zherdev          20     1   2  2  
 4 T.J. Hensick             Daniel Paille            Antti Miettinen          10     1   2  2  

5 vs 5 Defense 
   Defense                  Defense                                           Time % Phy DF OF 
 1 Alex Goligoski           Tom Poti                                          40     1   2  2  
 2 Matthew Spiller          Sami Lepisto                                      30     1   2  2  
 3 Kyle Cumiskey            Karl Alzner                                       20     1   2  2  
 4 Alex Goligoski           Tom Poti                                          10     1   2  2  

PowerPlay Forward 
   Center                   Left Wing                Right Wing               Time % Phy DF OF 
 1 Matt Stajan              Peter Worrell            Maxim Afinogenov         60     1   2  2  
 2 Maxim Lapierre           Clarke MacArthur         Jaromir Jagr             40     1   2  2  

PowerPlay Defense
   Defense                  Defense                                           Time % Phy DF OF 
 1 Alex Goligoski           Tom Poti                                          60     1   2  2  
 2 Matthew Spiller          Sami Lepisto                                      40     1   2  2  

Penalty Kill 4 Players Forward 
   Center                   Wing                     Time % Phy DF OF 
 1 Maxim Afinogenov         Matt Stajan              60     1   2  2  
 2 Jaromir Jagr             Peter Worrell            40     1   2  2  

Penalty Kill 4 Players Defense
   Defense                  Defense                  Time % Phy DF OF 
 1 Alex Goligoski           Tom Poti                 60     1   2  2  
 2 Matthew Spiller          Sami Lepisto             40     1   2  2  

Penalty Kill - 3 Players Forward 
   Forward                                           Time % Phy DF OF 
 1 Maxim Afinogenov                                  60     1   2  2  
 2 Matt Stajan                                       40     1   2  2  

Penalty Kill - 3 Players Defense
   Defense                  Defense                  Time % Phy DF OF 
 1 Alex Goligoski           Tom Poti                 60     1   2  2  
 2 Matthew Spiller          Sami Lepisto             40     1   2  2  

4 vs 4 Forward 
   Center                   Wing                     Time % Phy DF OF 
 1 Maxim Afinogenov         Matt Stajan              60     1   2  2  
 2 Jaromir Jagr             Peter Worrell            40     1   2  2  

4 vs 4 Defense
   Defense                  Defense                  Time % Phy DF OF 
 1 Alex Goligoski           Tom Poti                 60     1   2  2  
 2 Matthew Spiller          Sami Lepisto             40     1   2  2  

Last Minutes Offensive
   Center                   Left Wing                Right Wing               Defense                  Defense                  
   Matt Stajan              Peter Worrell            Maxim Afinogenov         Alex Goligoski           Tom Poti                 

Last Minutes Defensive
   Center                   Left Wing                Right Wing               Defense                  Defense                  
   Matt Stajan              Peter Worrell            Maxim Afinogenov         Alex Goligoski           Tom Poti                 

Goaltenders
Starting : Carey Price              
Backup : Chad Johnson             

Extra Forwards
Normal : Alex Tanguay, Tomas Plekanec, Daniel Paille - PP : Alex Tanguay, Tomas Plekanec - PK : Daniel Paille
Extra Defensemen
Normal : Kyle Cumiskey, Karl Alzner, Matthew Spiller - PP : Kyle Cumiskey - PK : Karl Alzner, Matthew Spiller
Penalty Shots
Maxim Afinogenov, Matt Stajan, Jaromir Jagr, Peter Worrell, Clarke MacArthur

% Time on Ice - Flyers

Lines # - Real PCT - Wanted PCT - Time Play
Normal Forward
1 - 32% - 35% - 14:11
2 - 31% - 35% - 13:40
3 - 19% - 15% - 8:09
4 - 18% - 15% - 8:03
Normal Defense
1 - 37% - 40% - 16:25
2 - 38% - 40% - 16:57
3 - 24% - 15% - 10:41
4 - 0% - 5% - 0:00
PP Forward
1 - 51% - 50% - 3:19
2 - 49% - 50% - 3:08
PP Defense
1 - 45% - 50% - 2:55
2 - 55% - 50% - 3:32
PK Forward
1 - 79% - 60% - 5:30
2 - 21% - 40% - 1:28
PK Defense
1 - 54% - 60% - 3:46
2 - 46% - 40% - 3:12
PK3 Forward
1 - 83% - 60% - 1:05
2 - 17% - 40% - 0:13
PK3 Defense
1 - 88% - 60% - 1:09
2 - 12% - 40% - 0:09
44 Forward
1 - 0% - 50%
2 - 0% - 50%
44 Defense
1 - 0% - 50%
2 - 0% - 50%
Last Minute Offensive  - 0:00
Last Minute Defensive  - 1:14
Total
Forward - 60:00
Defense - 60:00

% Time on Ice - Canucks

Lines # - Real PCT - Wanted PCT - Time Play
Normal Forward
1 - 33% - 40% - 14:22
2 - 25% - 30% - 10:58
3 - 26% - 20% - 11:20
4 - 17% - 10% - 7:22
Normal Defense
1 - 34% - 40% - 15:00
2 - 38% - 30% - 16:51
3 - 26% - 20% - 11:26
4 - 2% - 10% - 0:45
PP Forward
1 - 53% - 60% - 4:24
2 - 47% - 40% - 3:52
PP Defense
1 - 70% - 60% - 5:49
2 - 30% - 40% - 2:27
PK Forward
1 - 75% - 60% - 4:51
2 - 25% - 40% - 1:36
PK Defense
1 - 64% - 60% - 4:08
2 - 36% - 40% - 2:19
PK3 Forward
1 - 0% - 60%
2 - 0% - 40%
PK3 Defense
1 - 0% - 60%
2 - 0% - 40%
44 Forward
1 - 0% - 60%
2 - 0% - 40%
44 Defense
1 - 0% - 60%
2 - 0% - 40%
Last Minute Offensive  - 1:15
Last Minute Defensive  - 0:00
Total
Forward - 60:00
Defense - 60:00

Play by Play

1st period


0:01 of 1st period - Jeff Carter wins face-off versus Matt Stajan in neutral zone.
0:32 of 1st period - Wrist shot by Kyle Wellwood.
0:32 of 1st period - Shot Misses the Net.
0:36 of 1st period - Wrist shot by Loui Eriksson.
0:36 of 1st period - Shot Misses the Net.
1:15 of 1st period - Snap shot by Daniel Paille.
1:15 of 1st period - Stopped by Cory Schneider with a rebound.
1:56 of 1st period - Snap shot by Patrick Marleau.
1:56 of 1st period - Shot Misses the Net.
2:21 of 1st period - Snap shot by Tomas Plekanec.
2:21 of 1st period - Shot Misses the Net.
2:23 of 1st period - Backhand shot by Kyle Cumiskey.
2:23 of 1st period - Deflect By Tomas Plekanec.
2:23 of 1st period - Shot Misses the Net.
2:23 of 1st period - Puck is out of play.
2:24 of 1st period - Matt Stajan wins face-off versus Jeff Carter in Flyers zone.
2:35 of 1st period - Snap shot by Maxim Afinogenov.
2:35 of 1st period - Stopped by Cory Schneider without a rebound.
2:36 of 1st period - Matt Stajan wins face-off versus Kyle Wellwood in Flyers zone.
3:00 of 1st period - Icing by Peter Worrell.
3:01 of 1st period - Matt Stajan wins face-off versus Jeff Carter in Canucks zone.
3:01 of 1st period - Matt Stajan is hit by Stephane Robidas.
3:29 of 1st period - Snap shot by Tomas Plekanec.
3:29 of 1st period - Shot Misses the Net.
3:31 of 1st period - Slapshot by Sami Lepisto.
3:31 of 1st period - Stopped by Cory Schneider with a rebound.
3:33 of 1st period - Snap shot by Nikolai Zherdev.
3:33 of 1st period - Stopped by Cory Schneider with a rebound.
3:37 of 1st period - Wrist shot by Tomas Plekanec.
3:37 of 1st period - Shot Hit the Post.
3:51 of 1st period - Snap shot by Matt Stajan.
3:51 of 1st period - Shot Misses the Net.
3:53 of 1st period - Slapshot by Sami Lepisto.
3:53 of 1st period - Shot Blocked by Loui Eriksson.
3:55 of 1st period - Slapshot by Matthew Spiller.
3:55 of 1st period - Shot Blocked by Stephane Robidas.
3:57 of 1st period - Wrist shot by Maxim Afinogenov.
3:57 of 1st period - Stopped by Cory Schneider without a rebound.
3:58 of 1st period - Maxim Lapierre wins face-off versus Jeff Carter in Flyers zone.
4:11 of 1st period - Snap shot by Martin St. Louis.
4:11 of 1st period - Stopped by Carey Price with a rebound.
4:36 of 1st period - Wrist shot by Matt Stajan.
4:36 of 1st period - Shot Misses the Net.
4:38 of 1st period - Slapshot by Matt Stajan.
4:38 of 1st period - Shot Misses the Net.
5:58 of 1st period - Snap shot by Patrick Marleau.
5:58 of 1st period - Stopped by Carey Price with a rebound.
6:00 of 1st period - Minor Penalty to Matt Stajan for Holding.
6:01 of 1st period - Jeff Carter wins face-off versus Maxim Afinogenov in Canucks zone.
6:15 of 1st period - Wrist shot by Martin St. Louis.
6:15 of 1st period - Stopped by Carey Price without a rebound.
6:16 of 1st period - Maxim Afinogenov wins face-off versus Patrick Marleau in Canucks zone.
6:42 of 1st period - Martin St. Louis is hit by Alex Goligoski and loses puck.
6:53 of 1st period - Maxim Afinogenov is hit by Dany Heatley and loses puck.
8:00 of 1st period - Penalty to Matt Stajan is over, Matt Stajan is back on ice.
8:27 of 1st period - Snap shot by Jaromir Jagr.
8:27 of 1st period - Shot Hit the Post.
8:29 of 1st period - Slapshot by Sami Lepisto.
8:29 of 1st period - Deflect By Clarke MacArthur.
8:29 of 1st period - Shot Misses the Net.
8:29 of 1st period - Puck is out of play.
8:30 of 1st period - Clarke MacArthur wins face-off versus Jeff O'Neill in Flyers zone.
8:31 of 1st period - Wrist shot by Maxim Lapierre.
8:31 of 1st period - Stopped by Cory Schneider with a rebound.
8:33 of 1st period - Slapshot by Kyle Cumiskey.
8:33 of 1st period - Shot Misses the Net.
8:35 of 1st period - Snap shot by Jaromir Jagr.
8:35 of 1st period - Stopped by Cory Schneider without a rebound.
8:36 of 1st period - Maxim Lapierre wins face-off versus Jeff Carter in Flyers zone.
9:03 of 1st period - James Wisniewski is hit by Kyle Cumiskey and loses puck.
9:12 of 1st period - Slapshot by Alex Tanguay.
9:12 of 1st period - Shot Blocked by James Wisniewski.
9:14 of 1st period - Wrist shot by Nikolai Zherdev.
9:14 of 1st period - Stopped by Cory Schneider with a rebound.
9:57 of 1st period - Wrist shot by Maxim Lapierre.
9:57 of 1st period - Shot Misses the Net.
10:09 of 1st period - Daniel Paille is hit by Jeff Carter and loses puck.
10:16 of 1st period - Backhand shot by Jeff Carter.
10:16 of 1st period - Stopped by Carey Price without a rebound.
10:17 of 1st period - Kyle Wellwood wins face-off versus Matt Stajan in Canucks zone.
10:20 of 1st period - Snap shot by Kyle Wellwood.
10:20 of 1st period - Stopped by Carey Price without a rebound.
10:21 of 1st period - Kyle Wellwood wins face-off versus Peter Worrell in Canucks zone.
11:20 of 1st period - Wrist shot by Daniel Paille.
11:20 of 1st period - Stopped by Cory Schneider with a rebound.
11:43 of 1st period - Minor Penalty to Peter Worrell for Holding.
11:44 of 1st period - Maxim Afinogenov wins face-off versus Kyle Wellwood in Canucks zone.
11:44 of 1st period - Maxim Afinogenov is hit by Kyle Wellwood.
11:57 of 1st period - Wrist shot by Loui Eriksson.
11:57 of 1st period - Stopped by Carey Price with a rebound.
11:59 of 1st period - Backhand shot by Jonathan Ericsson.
11:59 of 1st period - Stopped by Carey Price without a rebound.
12:00 of 1st period - Maxim Afinogenov wins face-off versus Jeff Carter in Canucks zone.
12:13 of 1st period - Wrist shot by Dany Heatley.
12:13 of 1st period - Goal by Dany Heatley - Flyers : 1 - Canucks : 0.
12:14 of 1st period - Patrick Marleau wins face-off versus Matt Stajan in neutral zone.
12:25 of 1st period - Snap shot by Peter Worrell.
12:25 of 1st period - Deflect By Maxim Afinogenov.
12:25 of 1st period - Shot Misses the Net.
12:25 of 1st period - Puck is out of play.
12:26 of 1st period - Jeff Carter wins face-off versus Matt Stajan in Flyers zone.
12:26 of 1st period - Jeff Carter is hit by Maxim Afinogenov.
12:35 of 1st period - Icing by Dany Heatley.
12:36 of 1st period - Jeff Carter wins face-off versus Matt Stajan in Flyers zone.
12:36 of 1st period - Jeff Carter is hit by Tom Poti.
12:46 of 1st period - Snap shot by Martin St. Louis.
12:46 of 1st period - Shot Misses the Net.
12:54 of 1st period - Slapshot by Maxim Afinogenov.
12:54 of 1st period - Stopped by Cory Schneider without a rebound.
12:55 of 1st period - Clarke MacArthur wins face-off versus Kyle Wellwood in Flyers zone.
13:00 of 1st period - Wrist shot by Jaromir Jagr.
13:00 of 1st period - Stopped by Cory Schneider without a rebound.
13:01 of 1st period - Kyle Wellwood wins face-off versus Maxim Lapierre in Flyers zone.
13:36 of 1st period - Wrist shot by Nikolai Zherdev.
13:36 of 1st period - Shot Misses the Net.
14:51 of 1st period - Off-side.
14:52 of 1st period - Tomas Plekanec wins face-off versus Dany Heatley in neutral zone.
15:27 of 1st period - Off-side.
15:28 of 1st period - Maxim Lapierre wins face-off versus Jeff Carter in neutral zone.
15:30 of 1st period - Minor Penalty to Jaromir Jagr for Hooking.
15:31 of 1st period - Kyle Wellwood wins face-off versus Maxim Afinogenov in Canucks zone.
16:06 of 1st period - Slapshot by Stephane Robidas.
16:06 of 1st period - Deflect By Jeff Carter.
16:06 of 1st period - Stopped by Carey Price with a rebound.
16:08 of 1st period - Snap shot by Martin St. Louis.
16:08 of 1st period - Shot Misses the Net.
16:10 of 1st period - Slapshot by Dany Heatley.
16:10 of 1st period - Shot Misses the Net.
17:30 of 1st period - Penalty to Jaromir Jagr is over, Jaromir Jagr is back on ice.
17:32 of 1st period - Tom Poti is hit by Jeff O'Neill and loses puck.
17:43 of 1st period - Wrist shot by Matt Stajan.
17:43 of 1st period - Shot Misses the Net.
17:45 of 1st period - Snap shot by Maxim Lapierre.
17:45 of 1st period - Stopped by Cory Schneider with a rebound.
17:47 of 1st period - Snap shot by Maxim Lapierre.
17:47 of 1st period - Shot Blocked by Jonathan Ericsson.
17:49 of 1st period - Slapshot by Alex Goligoski.
17:49 of 1st period - Shot Misses the Net.
17:51 of 1st period - Snap shot by Jaromir Jagr.
17:51 of 1st period - Stopped by Cory Schneider with a rebound.
17:53 of 1st period - Wrist shot by Matt Stajan.
17:53 of 1st period - Shot Misses the Net.
18:05 of 1st period - Slapshot by Jeff Woywitka.
18:05 of 1st period - Stopped by Carey Price with a rebound.
18:30 of 1st period - Slapshot by Tom Poti.
18:30 of 1st period - Stopped by Cory Schneider without a rebound.
18:31 of 1st period - Tomas Plekanec wins face-off versus Jeff Carter in Flyers zone.
18:34 of 1st period - Wrist shot by Nikolai Zherdev.
18:34 of 1st period - Stopped by Cory Schneider without a rebound.
18:35 of 1st period - Tomas Plekanec wins face-off versus Jeff Carter in Flyers zone.
18:48 of 1st period - Snap shot by Nikolai Zherdev.
18:48 of 1st period - Shot Blocked by Dany Heatley.
18:50 of 1st period - Wrist shot by Nikolai Zherdev.
18:50 of 1st period - Stopped by Cory Schneider with a rebound.
18:56 of 1st period - Minor Penalty to Jeff Carter for Roughing.
18:57 of 1st period - Maxim Lapierre wins face-off versus Matthew Lombardi in Flyers zone.
19:00 of 1st period - Snap shot by Clarke MacArthur.
19:00 of 1st period - Shot Misses the Net.
19:02 of 1st period - Backhand shot by Clarke MacArthur.
19:02 of 1st period - Shot Misses the Net.
19:54 of 1st period - Snap shot by Kyle Wellwood.
19:54 of 1st period - Stopped by Carey Price without a rebound.
19:55 of 1st period - Clarke MacArthur wins face-off versus Matthew Lombardi in Canucks zone.
Goals for this period are 1 for Flyers vs 0 for Canucks.
Shots for this period are 11 for Flyers vs 16 for Canucks.

2nd period


0:01 of 2nd period - Matthew Lombardi wins face-off versus Matt Stajan in neutral zone.
0:14 of 2nd period - Snap shot by Michel Ouellet.
0:14 of 2nd period - Stopped by Carey Price without a rebound.
0:15 of 2nd period - Matthew Lombardi wins face-off versus Matt Stajan in Canucks zone.
0:16 of 2nd period - Wrist shot by Michel Ouellet.
0:16 of 2nd period - Goal by Michel Ouellet - Flyers : 2 - Canucks : 0.
0:17 of 2nd period - Matthew Lombardi wins face-off versus Matt Stajan in neutral zone.
0:24 of 2nd period - Alex Goligoski is hit by Michel Ouellet and loses puck.
0:56 of 2nd period - Penalty to Jeff Carter is over, Jeff Carter is back on ice.
1:03 of 2nd period - Matthew Spiller is hit by Patrick Marleau and loses puck.
1:22 of 2nd period - Snap shot by T.J. Hensick.
1:22 of 2nd period - Shot Misses the Net.
1:24 of 2nd period - Snap shot by Daniel Paille.
1:24 of 2nd period - Goal by Daniel Paille - Flyers : 2 - Canucks : 1.
1:25 of 2nd period - Kyle Wellwood wins face-off versus Maxim Lapierre in neutral zone.
2:19 of 2nd period - Slapshot by Jonathan Ericsson.
2:19 of 2nd period - Stopped by Carey Price without a rebound.
2:20 of 2nd period - Maxim Lapierre wins face-off versus Kyle Wellwood in Canucks zone.
2:20 of 2nd period - Maxim Lapierre is hit by Stephane Robidas.
2:28 of 2nd period - Kyle Cumiskey is hit by Patrick Marleau and loses puck.
2:33 of 2nd period - Snap shot by Kyle Wellwood.
2:33 of 2nd period - Shot Misses the Net.
2:35 of 2nd period - Wrist shot by Kyle Wellwood.
2:35 of 2nd period - Shot Blocked by Maxim Lapierre.
3:10 of 2nd period - Rostislav Olesz is hit by Nikolai Zherdev and loses puck.
3:41 of 2nd period - Backhand shot by Antti Miettinen.
3:41 of 2nd period - Shot Misses the Net.
4:23 of 2nd period - Jeff Woywitka is hit by Clarke MacArthur.
4:30 of 2nd period - Off-side.
4:31 of 2nd period - Kyle Wellwood wins face-off versus Matt Stajan in neutral zone.
5:53 of 2nd period - Wrist shot by T.J. Hensick.
5:53 of 2nd period - Shot Hit the Post.
6:05 of 2nd period - Snap shot by Kyle Wellwood.
6:05 of 2nd period - Stopped by Carey Price with a rebound.
6:07 of 2nd period - Slapshot by Stephane Robidas.
6:07 of 2nd period - Shot Blocked by Tom Poti.
6:09 of 2nd period - Wrist shot by Loui Eriksson.
6:09 of 2nd period - Deflect By Patrick Marleau.
6:09 of 2nd period - Stopped by Carey Price with a rebound.
6:11 of 2nd period - Snap shot by Patrick Marleau.
6:11 of 2nd period - Goal by Patrick Marleau - Flyers : 3 - Canucks : 1.
6:12 of 2nd period - Kyle Wellwood wins face-off versus Matt Stajan in neutral zone.
6:24 of 2nd period - Slapshot by Jonathan Ericsson.
6:24 of 2nd period - Shot Blocked by Alex Goligoski.
6:49 of 2nd period - Wrist shot by Jonathan Ericsson.
6:49 of 2nd period - Shot Misses the Net.
7:20 of 2nd period - Off-side.
7:21 of 2nd period - Antti Miettinen wins face-off versus Kyle Wellwood in neutral zone.
8:09 of 2nd period - Slapshot by Matt Smaby.
8:09 of 2nd period - Shot Blocked by Karl Alzner.
8:13 of 2nd period - Snap shot by Michel Ouellet.
8:13 of 2nd period - Goal by Michel Ouellet - Flyers : 4 - Canucks : 1.
8:13 of 2nd period - Chad Johnson enters game.
8:14 of 2nd period - Kyle Wellwood wins face-off versus Matt Stajan in neutral zone.
8:17 of 2nd period - Peter Worrell is hit by Kyle Wellwood and loses puck.
8:46 of 2nd period - Slapshot by Martin St. Louis.
8:46 of 2nd period - Stopped by Chad Johnson without a rebound.
8:47 of 2nd period - Maxim Lapierre wins face-off versus Martin St. Louis in Canucks zone.
8:52 of 2nd period - Snap shot by Jaromir Jagr.
8:52 of 2nd period - Shot Blocked by Stephane Robidas.
8:54 of 2nd period - Wrist shot by Jaromir Jagr.
8:54 of 2nd period - Stopped by Cory Schneider with a rebound.
8:56 of 2nd period - Snap shot by Clarke MacArthur.
8:56 of 2nd period - Stopped by Cory Schneider with a rebound.
9:12 of 2nd period - Sami Lepisto is hit by Loui Eriksson and loses puck.
9:33 of 2nd period - Matthew Spiller is hit by Rostislav Olesz and loses puck.
10:20 of 2nd period - Jaromir Jagr is hit by Matt Smaby and loses puck.
10:42 of 2nd period - Backhand shot by Loui Eriksson.
10:42 of 2nd period - Stopped by Chad Johnson with a rebound.
10:44 of 2nd period - Snap shot by Jonathan Ericsson.
10:44 of 2nd period - Shot Blocked by Sami Lepisto.
10:46 of 2nd period - Snap shot by Robyn Regehr.
10:46 of 2nd period - Stopped by Chad Johnson without a rebound.
10:47 of 2nd period - Kyle Wellwood wins face-off versus Matt Stajan in Canucks zone.
10:55 of 2nd period - Minor Penalty to Robyn Regehr for Roughing.
10:56 of 2nd period - Matt Stajan wins face-off versus Matthew Lombardi in Flyers zone.
10:57 of 2nd period - Wrist shot by Peter Worrell.
10:57 of 2nd period - Stopped by Cory Schneider without a rebound.
10:58 of 2nd period - Matt Stajan wins face-off versus Matthew Lombardi in Flyers zone.
10:59 of 2nd period - Snap shot by Maxim Afinogenov.
10:59 of 2nd period - Stopped by Cory Schneider without a rebound.
11:00 of 2nd period - Matthew Lombardi wins face-off versus Peter Worrell in Flyers zone.
12:55 of 2nd period - Penalty to Robyn Regehr is over, Robyn Regehr is back on ice.
13:31 of 2nd period - Antti Miettinen is hit by Matthew Lombardi and loses puck.
14:17 of 2nd period - Michel Ouellet is hit by Tom Poti and loses puck.
14:30 of 2nd period - Daniel Paille is hit by Matthew Lombardi and loses puck.
14:52 of 2nd period - Kyle Wellwood is hit by Maxim Lapierre and loses puck.
15:13 of 2nd period - Daniel Paille is hit by Jonathan Ericsson and loses puck.
15:44 of 2nd period - Jaromir Jagr is hit by Michael Ryder and loses puck.
17:16 of 2nd period - Jonathan Ericsson is hit by Tom Poti and loses puck.
17:29 of 2nd period - Karl Alzner is hit by Matthew Lombardi and loses puck.
17:38 of 2nd period - Icing by Alex Tanguay.
17:39 of 2nd period - Tomas Plekanec wins face-off versus Kyle Wellwood in Canucks zone.
17:55 of 2nd period - Kyle Wellwood is hit by Alex Tanguay and loses puck.
18:12 of 2nd period - Alex Goligoski is hit by Loui Eriksson and loses puck.
18:21 of 2nd period - Wrist shot by Patrick Marleau.
18:21 of 2nd period - Stopped by Chad Johnson without a rebound.
18:22 of 2nd period - Jeff Carter wins face-off versus Matt Stajan in Canucks zone.
18:23 of 2nd period - Slapshot by Martin St. Louis.
18:23 of 2nd period - Shot Misses the Net.
18:29 of 2nd period - Snap shot by Dany Heatley.
18:29 of 2nd period - Stopped by Chad Johnson with a rebound.
18:31 of 2nd period - Wrist shot by Dany Heatley.
18:31 of 2nd period - Stopped by Chad Johnson with a rebound.
18:53 of 2nd period - Slapshot by Rostislav Olesz.
18:53 of 2nd period - Shot Misses the Net.
19:13 of 2nd period - Minor Penalty to Jeff O'Neill for Hooking.
19:14 of 2nd period - Maxim Afinogenov wins face-off versus Matthew Lombardi in Flyers zone.
19:54 of 2nd period - Minor Penalty to Matt Smaby for Tripping.
19:55 of 2nd period - Matthew Lombardi wins face-off versus Matt Stajan in Flyers zone.
Goals for this period are 3 for Flyers vs 1 for Canucks.
Shots for this period are 13 for Flyers vs 5 for Canucks.

3rd period


0:01 of 3rd period - Matt Stajan wins face-off versus Matthew Lombardi in neutral zone.
0:06 of 3rd period - Snap shot by Maxim Afinogenov.
0:06 of 3rd period - Stopped by Cory Schneider with a rebound.
0:08 of 3rd period - Slapshot by Peter Worrell.
0:08 of 3rd period - Shot Misses the Net.
0:10 of 3rd period - Snap shot by Matt Stajan.
0:10 of 3rd period - Stopped by Cory Schneider without a rebound.
0:11 of 3rd period - Matt Stajan wins face-off versus Matthew Lombardi in Flyers zone.
1:13 of 3rd period - Penalty to Jeff O'Neill is over, Jeff O'Neill is back on ice.
1:54 of 3rd period - Penalty to Matt Smaby is over, Matt Smaby is back on ice.
2:00 of 3rd period - Snap shot by Matt Smaby.
2:00 of 3rd period - Stopped by Chad Johnson with a rebound.
2:02 of 3rd period - Minor Penalty to Alex Tanguay for Hooking.
2:03 of 3rd period - Loui Eriksson wins face-off versus Maxim Afinogenov in Canucks zone.
2:04 of 3rd period - Wrist shot by Patrick Marleau.
2:04 of 3rd period - Shot Misses the Net.
2:12 of 3rd period - Slapshot by Patrick Marleau.
2:12 of 3rd period - Stopped by Chad Johnson without a rebound.
2:13 of 3rd period - Maxim Afinogenov wins face-off versus Kyle Wellwood in Canucks zone.
2:46 of 3rd period - Snap shot by Kyle Wellwood.
2:46 of 3rd period - Deflect By Loui Eriksson.
2:46 of 3rd period - Stopped by Chad Johnson with a rebound.
2:54 of 3rd period - Snap shot by Jaromir Jagr.
2:54 of 3rd period - Stopped by Cory Schneider with a rebound.
3:06 of 3rd period - Slapshot by Stephane Robidas.
3:06 of 3rd period - Shot Blocked by Alex Goligoski.
3:08 of 3rd period - Snap shot by Dany Heatley.
3:08 of 3rd period - Shot Misses the Net.
3:22 of 3rd period - Wrist shot by Clarke MacArthur.
3:22 of 3rd period - Stopped by Cory Schneider without a rebound.
3:23 of 3rd period - Daniel Paille wins face-off versus Jeff Carter in Flyers zone.
3:31 of 3rd period - Slapshot by Sami Lepisto.
3:31 of 3rd period - Stopped by Cory Schneider without a rebound.
3:32 of 3rd period - Jeff Carter wins face-off versus Maxim Afinogenov in Flyers zone.
3:36 of 3rd period - Icing by Dany Heatley.
3:37 of 3rd period - Jeff Carter wins face-off versus Maxim Afinogenov in Flyers zone.
4:02 of 3rd period - Penalty to Alex Tanguay is over, Alex Tanguay is back on ice.
4:18 of 3rd period - Slapshot by Maxim Lapierre.
4:18 of 3rd period - Shot Misses the Net.
4:49 of 3rd period - Stephane Robidas is hit by T.J. Hensick.
5:14 of 3rd period - Peter Worrell is hit by Matthew Lombardi and loses puck.
5:39 of 3rd period - Patrick Marleau is hit by Jaromir Jagr and loses puck.
5:44 of 3rd period - Snap shot by Maxim Lapierre.
5:44 of 3rd period - Shot Misses the Net.
5:54 of 3rd period - Wrist shot by Tomas Plekanec.
5:54 of 3rd period - Shot Misses the Net.
5:56 of 3rd period - Slapshot by Alex Tanguay.
5:56 of 3rd period - Stopped by Cory Schneider without a rebound.
5:57 of 3rd period - Tomas Plekanec wins face-off versus Jeff Carter in Flyers zone.
6:06 of 3rd period - Stephane Robidas is hit by Alex Goligoski and loses puck.
6:12 of 3rd period - Icing by Matt Smaby.
6:13 of 3rd period - Matt Stajan wins face-off versus Jeff Carter in Flyers zone.
7:04 of 3rd period - Backhand shot by Dany Heatley.
7:04 of 3rd period - Stopped by Chad Johnson without a rebound.
7:05 of 3rd period - Maxim Lapierre wins face-off versus Kyle Wellwood in Canucks zone.
7:18 of 3rd period - Wrist shot by Clarke MacArthur.
7:18 of 3rd period - Shot Misses the Net.
7:30 of 3rd period - Jeff Woywitka is hit by Matthew Spiller and loses puck.
7:57 of 3rd period - Snap shot by Michel Ouellet.
7:57 of 3rd period - Stopped by Chad Johnson with a rebound.
7:59 of 3rd period - Slapshot by Michel Ouellet.
7:59 of 3rd period - Stopped by Chad Johnson with a rebound.
8:17 of 3rd period - Matt Smaby is hit by Clarke MacArthur and loses puck.
9:02 of 3rd period - Snap shot by Daniel Paille.
9:02 of 3rd period - Shot Blocked by James Wisniewski.
9:04 of 3rd period - Slapshot by Karl Alzner.
9:04 of 3rd period - Deflect By Antti Miettinen.
9:04 of 3rd period - Stopped by Cory Schneider without a rebound.
9:05 of 3rd period - T.J. Hensick wins face-off versus Matthew Lombardi in Flyers zone.
9:32 of 3rd period - Tom Poti is hit by Loui Eriksson and loses puck.
9:59 of 3rd period - Jonathan Ericsson is hit by Tomas Plekanec and loses puck.
10:23 of 3rd period - Michel Ouellet is hit by Maxim Lapierre and loses puck.
11:47 of 3rd period - Wrist shot by Maxim Lapierre.
11:47 of 3rd period - Shot Misses the Net.
11:49 of 3rd period - Snap shot by Maxim Lapierre.
11:49 of 3rd period - Deflect By Clarke MacArthur.
11:49 of 3rd period - Goal by Clarke MacArthur - Flyers : 4 - Canucks : 2.
11:50 of 3rd period - Matt Stajan wins face-off versus Kyle Wellwood in neutral zone.
12:23 of 3rd period - Martin St. Louis is hit by Clarke MacArthur and loses puck.
13:00 of 3rd period - T.J. Hensick is hit by Rostislav Olesz and loses puck.
13:07 of 3rd period - Snap shot by Michael Ryder.
13:07 of 3rd period - Stopped by Chad Johnson without a rebound.
13:08 of 3rd period - Matt Stajan wins face-off versus Kyle Wellwood in Canucks zone.
14:02 of 3rd period - Sami Lepisto is hit by Michael Ryder and loses puck.
14:21 of 3rd period - Wrist shot by Michel Ouellet.
14:21 of 3rd period - Shot Misses the Net.
14:33 of 3rd period - Minor Penalty to Patrick Marleau for Hooking.
14:34 of 3rd period - Matt Stajan wins face-off versus Matthew Lombardi in Flyers zone.
15:53 of 3rd period - Wrist shot by Maxim Lapierre.
15:53 of 3rd period - Shot Misses the Net.
15:55 of 3rd period - Slapshot by Jaromir Jagr.
15:55 of 3rd period - Shot Misses the Net.
15:57 of 3rd period - Slapshot by Tom Poti.
15:57 of 3rd period - Stopped by Cory Schneider without a rebound.
15:58 of 3rd period - Matt Stajan wins face-off versus Matthew Lombardi in Flyers zone.
16:11 of 3rd period - Wrist shot by Matt Stajan.
16:11 of 3rd period - Goal by Matt Stajan - Flyers : 4 - Canucks : 3.
16:12 of 3rd period - Jeff Carter wins face-off versus Maxim Afinogenov in neutral zone.
17:06 of 3rd period - Snap shot by Clarke MacArthur.
17:06 of 3rd period - Shot Misses the Net.
18:57 of 3rd period - Dany Heatley is hit by Matt Stajan and loses puck.
19:00 of 3rd period - Canucks, Chad Johnson is pulled from the net.
19:20 of 3rd period - Slapshot by Maxim Afinogenov.
19:20 of 3rd period - Stopped by Cory Schneider with a rebound.
19:22 of 3rd period - Snap shot by Maxim Afinogenov.
19:22 of 3rd period - Stopped by Cory Schneider with a rebound.
19:24 of 3rd period - Snap shot by Alex Goligoski.
19:24 of 3rd period - Shot Blocked by James Wisniewski.
19:32 of 3rd period - Backhand shot by Peter Worrell.
19:32 of 3rd period - Stopped by Cory Schneider with a rebound.
19:34 of 3rd period - Wrist shot by Alex Goligoski.
19:34 of 3rd period - Stopped by Cory Schneider with a rebound.
19:36 of 3rd period - Wrist shot by Alex Goligoski.
19:36 of 3rd period - Shot Blocked by Martin St. Louis.
Goals for this period are 0 for Flyers vs 2 for Canucks.
Shots for this period are 7 for Flyers vs 14 for Canucks.